 Dungeon Crawl Stone Soup version 0.21.1-1-g345015fe64 (webtiles) character file.

195 Kholdaimon the Charmwright (level 5, -2/43 HPs)
             Began as a Gnoll Skald on June 20, 2018.
             Slain by Peloso's ghost (7 damage)
             ... on level 4 of the Dungeon.
             The game lasted 00:24:46 (3363 turns).

Kholdaimon the Charmwright (Gnoll Skald)            Turns: 3363, Time: 00:24:46

Health: -2/43      AC:  5    Str: 15    XL:     5   Next: 74%
Magic:  6/12       EV: 12    Int: 15    God:
Gold:   257        SH:  4    Dex: 14    Spells: 8/14 levels left

rFire    . . .     SeeInvis .   A - +0 falchion
rCold    . . .     Gourm    .   u - +0 buckler (curse)
rNeg     . . .     Faith    .   i - +0 ring mail (curse)
rPois    .         Spirit   .   (no helmet)
rElec    .         Reflect  .   (no cloak)
rCorr    .         Harm     .   (no gloves)
MR       .....                  (no boots)
Stlth    +.........             (no amulet)
HPRegen  0.14/turn              (no ring)
MPRegen  0.13/turn              (no ring)

@: very slightly contaminated
A: distributed training, fangs 1, strong nose
a: no special abilities


You were on level 4 of the Dungeon.
You were very hungry.

You visited 1 branch of the dungeon, and saw 4 of its levels.

You collected 257 gold pieces.

Inventory:

Hand Weapons
 b - a +0 mace
 n - a +0 hunting sling
 A - a +0 falchion (weapon)
Missiles
 a - 12 poisoned needles
 g - 143 stones (quivered)
 h - 27 sling bullets
 q - 41 arrows
 t - 4 tomahawks
 v - 12 bolts
Armour
 i - a cursed +0 ring mail (worn)
 m - a +0 scale mail
 u - a cursed +0 buckler (worn)
 y - a +0 scale mail
Wands
 z - a wand of disintegration (13)
Scrolls
 f - a scroll of remove curse {unknown}
 p - a scroll of teleportation {unknown}
 r - a scroll of random uselessness {unknown}
 x - a scroll of immolation {unknown}
Potions
 e - a potion of cancellation {unknown}
 j - a potion of magic
 k - 2 potions of haste
 l - 2 potions of brilliance
 o - a potion of curing {unknown}
Books
 c - a book of Battle

   Spells                             Type                      Level
   a - Infusion                       Charms                       1
   b - Shroud of Golubria             Charms/Translocation         2
   c - Song of Slaying                Charms                       2
   d - Spectral Weapon                Hexes/Charms                 3
   e - Regeneration                   Charms/Necromancy            3
Comestibles
 d - 4 rations


   Skills:
 + Level 4.8 Fighting
 + Level 1.6 Short Blades
 + Level 1.6 Long Blades
 + Level 4.8 Axes
 + Level 1.6 Maces & Flails
 + Level 1.6 Polearms
 + Level 1.6 Staves
 + Level 1.6 Slings
 + Level 1.6 Bows
 + Level 1.6 Crossbows
 + Level 1.6 Throwing
 + Level 3.0 Armour
 + Level 4.8 Dodging
 + Level 1.6 Stealth
 + Level 1.6 Shields
 + Level 1.6 Unarmed Combat
 + Level 5.2 Spellcasting
 + Level 1.2 Conjurations
 + Level 1.2 Hexes
 + Level 5.5 Charms
 + Level 1.2 Summonings
 + Level 1.2 Necromancy
 + Level 1.2 Translocations
 + Level 1.2 Transmutations
 + Level 1.2 Fire Magic
 + Level 1.2 Ice Magic
 + Level 1.2 Air Magic
 + Level 1.2 Earth Magic
 + Level 1.2 Poison Magic
 + Level 1.8 Invocations
 + Level 1.6 Evocations


You had 8 spell levels left.
You knew the following spells:

 Your Spells              Type           Power        Failure   Level  Hunger
a - Infusion              Chrm           ###.         4%          1    None
b - Regeneration          Chrm/Necr      ##........   30%         3    ###....
c - Shroud of Golubria    Chrm/Tloc      ##........   16%         2    ##.....


Dungeon Overview and Level Annotations

Branches:
Dungeon (4/15)
 Temple: D:4-7

Altars:
Dithmenos
Elyvilon
Makhleb
Ru
Zin

Annotations:
D:4 Peloso's ghost, amateur DsFi


Innate Abilities, Weirdness & Mutations

Your experience applies equally to all skills.
You have very sharp teeth.
Your uncanny sense of smell can sniff out nearby items.


Message History

Peloso's ghost shrieks, "I was like you once."
Peloso's ghost hits you.
Your shroud falls apart!
An adder comes into view.
You closely miss Peloso's ghost.
The adder hisses angrily.
You bite Peloso's ghost, but do no damage.
Peloso's ghost is lightly damaged.
The adder moves out of view.
Peloso's ghost hits you but does no damage.
You hit Peloso's ghost.
Peloso's ghost is lightly damaged.
Peloso's ghost hits you. Peloso's ghost hits you!
Casting: Shroud of Golubria
Confirm with . or Enter, or press ? or * to list all spells.
Space distorts slightly along a thin shroud covering your body.
Peloso's ghost hits you!
* * * LOW HITPOINT WARNING * * *
Peloso's ghost hits you!
You die...

#........
#.####### #.#
#.# #.# #.# .
#.# ...
#.#########.....
#......)@WwS.((.
###########..(."
.(. .


You could see a worm, Peloso's ghost and an adder.

Vanquished Creatures
  An orc priest (D:4)
  Jessica (D:2)
  3 adders (D:3)
  An ooze (D:2)
  4 worms (D:2)
  3 dart slugs
  4 leopard geckos
  5 orcs
  2 ball pythons
  3 bats
  4 giant cockroaches
  11 goblins
  13 hobgoblins
  9 jackals
  A quokka (D:2)
  2 frilled lizards (D:2)
  4 kobolds
  2 rats (D:3)
73 creatures vanquished.

Notes
Turn   | Place    | Note
-------+----------+-------------------------------------------
     0 | D:1      | Kholdaimon the Gnoll Skald began the quest for the Orb.
     0 | D:1      | Reached XP level 1. HP: 20/20 MP: 6/6
   213 | D:1      | Reached XP level 2. HP: 26/26 MP: 7/7
   459 | D:1      | Reached XP level 3. HP: 28/31 MP: 9/9
   474 | D:1      | Reached skill level 5 in Spellcasting
   803 | D:1      | You fall through a shaft!
   808 | D:2      | Learned a level 3 spell: Regeneration
   811 | D:2      | Learned a level 2 spell: Shroud of Golubria
   880 | D:2      | Reached skill level 1 in Invocations
  1052 | D:2      | Reached skill level 1 in Short Blades
  1052 | D:2      | Reached skill level 1 in Long Blades
  1052 | D:2      | Reached skill level 1 in Maces & Flails
  1052 | D:2      | Reached skill level 1 in Polearms
  1052 | D:2      | Reached skill level 1 in Staves
  1052 | D:2      | Reached skill level 1 in Slings
  1052 | D:2      | Reached skill level 1 in Bows
  1052 | D:2      | Reached skill level 1 in Crossbows
  1052 | D:2      | Reached skill level 1 in Throwing
  1052 | D:2      | Reached skill level 1 in Stealth
  1052 | D:2      | Reached skill level 1 in Shields
  1052 | D:2      | Reached skill level 1 in Unarmed Combat
  1052 | D:2      | Reached skill level 1 in Evocations
  1061 | D:2      | Reached XP level 4. HP: 37/38 MP: 11/11
  1447 | D:2      | Noticed Jessica
  1464 | D:2      | Killed Jessica
  1464 | D:2      | Reached skill level 1 in Conjurations
  1464 | D:2      | Reached skill level 1 in Hexes
  1464 | D:2      | Reached skill level 1 in Summonings
  1464 | D:2      | Reached skill level 1 in Necromancy
  1464 | D:2      | Reached skill level 1 in Translocations
  1464 | D:2      | Reached skill level 1 in Transmutations
  1464 | D:2      | Reached skill level 1 in Fire Magic
  1464 | D:2      | Reached skill level 1 in Ice Magic
  1464 | D:2      | Reached skill level 1 in Air Magic
  1464 | D:2      | Reached skill level 1 in Earth Magic
  1464 | D:2      | Reached skill level 1 in Poison Magic
  1991 | D:3      | Found a faded altar of an unknown god.
  2103 | D:3      | Reached XP level 5. HP: 41/43 MP: 12/12
  2936 | D:3      | Found a sacrificial altar of Ru.
  2937 | D:3      | Found a burning altar of Makhleb.
  2956 | D:3      | Found a shadowy altar of Dithmenos.
  2957 | D:3      | Found a white marble altar of Elyvilon.
  2960 | D:3      | Found a glowing silver altar of Zin.
  3342 | D:4      | Noticed Peloso's ghost (amateur DsFi)
  3363 | D:4      | Slain by Peloso's ghost

Skill      XL: |  1  2  3  4  5 |
---------------+----------------+-----
Spellcasting   | 5 |  5.2
Invocations    | 1 |  1.8
Short Blades   | 1 |  1.6
Long Blades    | 1 |  1.6
Maces & Flails | 1 |  1.6
Polearms       | 1 |  1.6
Staves         | 1 |  1.6
Slings         | 1 |  1.6
Bows           | 1 |  1.6
Crossbows      | 1 |  1.6
Throwing       | 1 |  1.6
Stealth        | 1 |  1.6
Shields        | 1 |  1.6
Unarmed Combat | 1 |  1.6
Evocations     | 1 |  1.6
Conjurations   | 1 |  1.2
Hexes          | 1 |  1.2
Summonings     | 1 |  1.2
Necromancy     | 1 |  1.2
Translocations | 1 |  1.2
Transmutations | 1 |  1.2
Fire Magic     | 1 |  1.2
Ice Magic      | 1 |  1.2
Air Magic      | 1 |  1.2
Earth Magic    | 1 |  1.2
Poison Magic   | 1 |  1.2
Armour         | 3 |  3.0
Fighting       | |  4.8
Axes           | |  4.8
Dodging        | |  4.8
Charms         | |  5.5

Action                   |  1- 3 |  4- 6 || total
-------------------------+-------+-------++-------
Melee: Hand axe          |   123 |   106 ||   229
       Bite              |    13 |    23 ||    36
       Falchion          |       |    32 ||    32
 Fire: Hunting sling     |       |    28 ||    28
 Cast: Infusion          |     4 |     2 ||     6
       Shroud of Golubri |     2 |     7 ||     9
       Regeneration      |       |     2 ||     2
  Use: Scroll            |       |     4 ||     4
 Stab: Sleeping          |     1 |       ||     1
  Eat: Chunk             |     1 |     6 ||     7
Armor: Leather armour    |    18 |       ||    18
       Ring mail         |    10 |    27 ||    37
Dodge: Dodged            |    79 |    78 ||   157
Block: Buckler           |       |     8 ||     8
       Rpst.: Falchion   |       |     5 ||     5
